 Dungeon Crawl Stone Soup version 0.30-a0-174-gbc10bd73c2 (webtiles) character file.

Game seed: 9240054466885285316

133 qw the Chopper (level 5, -1/32 HPs)
             Began as a Gargoyle Fighter on Oct 1, 2022.
             Killed from afar by a steam dragon (16 damage)
             ... with a ball of steam
             ... on level 3 of the Dungeon.
             The game lasted 00:01:03 (2115 turns).

qw the Chopper (Gargoyle Fighter)                   Turns: 2115, Time: 00:01:03

Health: -1/32      AC: 14    Str: 22    XL:     5   Next: 16%
Magic:  5/5        EV:  7    Int:  8    God:
Gold:   102        SH:  4    Dex:  9    Spells: 4/4 levels left

rFire   . . .      SeeInvis .    Y - +0 war axe
rCold   . . .      Faith    .    c - +0 buckler
rNeg    + . .      Spirit   .    f - +0 chain mail
rPois   inf        Reflect  .    (no helmet)
rElec   +          Harm     .    (no cloak)
rCorr   .          Rampage  .    (no gloves)
Will    .....                    s - +0 pair of boots
Stlth   ..........               (no amulet)
HPRegen 0.25/turn                (no ring)
MPRegen 0.09/turn                (no ring)

@: no status effects
A: sickness immunity, AC +4, negative energy resistance 1, electricity
resistance, torment resistance 1, petrification resistance
a: no special abilities


You were on level 3 of the Dungeon.
You visited 1 branch of the dungeon, and saw 3 of its levels.

You collected 102 gold pieces.


Innate Abilities, Weirdness & Mutations

You are immune to sickness and miasma.
Your stone body is resilient. (AC +4)
You are immune to poison.
You resist negative energy. (rN+)
You are resistant to electric shocks. (rElec)
You are resistant to unholy torment.
You are immune to petrification.


   Skills:
 - Level 3.2 Fighting
 + Level 4.4 Axes
 - Level 1.3 Throwing
 - Level 3.2 Armour
 - Level 3.2 Shields


You had 4 spell levels left.
You didn't know any spells.
Your spell library was empty.

Inventory:

Hand Weapons
 i - a +0 flail
 Y - a +0 war axe (weapon)
Missiles
 b - 5 boomerangs (quivered)
Armour
 a - a +0 chain mail of cold resistance
 c - a +0 buckler (worn)
 f - a +0 chain mail (worn)
 s - a +0 pair of boots (worn)
Scrolls
 o - 2 scrolls of identify
Potions
 d - a potion of might
 g - a potion of degeneration {unknown}
 h - a potion of invisibility {unknown}
 j - a potion of ambrosia {unknown}
 k - a potion of lignification {unknown}
 l - 2 potions of attraction {unknown}
 p - 3 potions of haste
 q - a potion of magic {unknown}

Dungeon Overview and Level Annotations

Branches:
Dungeon (3/15)

Altars:
Makhleb


Message History

You kill the orc!
There is a stone staircase leading down here.
You see here a +0 whip.
Found a burning altar of Makhleb.
Enter note: You see here a +0 hand axe.
You see here a +0 trident.
You see here a +0 pair of boots.
A steam dragon comes into view.
The steam dragon hisses angrily.
2107 ||| Stepping ~*~*~tactically~*~*~ (hiding).
You start waiting.
A steam dragon is nearby!
Found a scroll of enchant armour.
The steam dragon breathes steam at you. The ball of steam hits you.
You slash the steam dragon!
The steam dragon is moderately wounded.
The steam dragon completely misses you.
The steam dragon claws you but does no damage.
You closely miss the steam dragon.
The steam dragon is moderately wounded.
The steam dragon bites you but does no damage.
The steam dragon claws you. The steam dragon bites you!
The steam dragon claws you but does no damage.
You hit the steam dragon.
The steam dragon is moderately wounded.
The steam dragon bites you but does no damage.
The steam dragon claws you.
A rat comes into view.
You barely miss the steam dragon.
The steam dragon is moderately wounded.
The steam dragon bites you but does no damage.
The steam dragon claws you but does no damage.
You hit the steam dragon but do no damage.
The steam dragon is moderately wounded.
The steam dragon breathes steam at you. The ball of steam hits you!
Ouch! That really hurt!
You die...

#........).........####..#
#.......#................#
#.......##.........#####.#
#........................#
##.#######................#
#..#####.......##########.#
##.........##### #
#######.....##### #
?......@....... #
#######.D####.. # ##... #
..... # ....... # ....... #
....... # ....... # #


You could see a steam dragon (catching breath).

Vanquished Creatures
  An orc priest (D:3)
  3 adders
  A dart slug (D:2)
  11 orcs (D:3)
  6 bats
  4 endoplasms
  2 giant cockroaches
  8 goblins
  4 hobgoblins
  3 quokkas
  3 ball pythons
  4 frilled lizards
  6 kobolds
  7 rats
63 creatures vanquished.

Notes
Turn   | Place    | Note
-------+----------+-------------------------------------------
     0 | D:1      | qw the Gargoyle Fighter began the quest for the Orb.
     0 | D:1      | Reached XP level 1. HP: 14/14 MP: 1/1
     0 | D:1      | 0 ||| qw: Version: 0.2-a-13-gfc7b4b4
     0 | D:1      | 0 ||| qw: Game counter: 1894
     0 | D:1      | 0 ||| qw: Always use a shield: true
     0 | D:1      | 0 ||| qw: God list: Okawaru
     0 | D:1      | 0 ||| qw: Allow faded altars: false
     0 | D:1      | 0 ||| qw: Do Orc after D:15 true
     0 | D:1      | 0 ||| qw: Do second Lair branch before Depths: true
     0 | D:1      | 0 ||| qw: Lair rune preference: random
     0 | D:1      | 0 ||| qw: Plans: Normal, Zot:1-4, God:TSO, Crypt, Tomb,
                  | Pan, Slime:5, Hells, Abyss, Orb
     0 | D:1      | 0 ||| PLANNING D:1-11
     3 | D:1      | Found a faded altar of an unknown god.
   106 | D:1      | Reached skill level 2 in Axes
   150 | D:1      | 150 ||| Stepping ~*~*~tactically~*~*~ (stealth).
   152 | D:1      | 152 ||| Stepping ~*~*~tactically~*~*~ (stealth).
   166 | D:1      | 166 ||| Stepping ~*~*~tactically~*~*~ (stealth).
   177 | D:1      | Reached XP level 2. HP: 17/19 MP: 2/2
   485 | D:1      | 485 ||| DROPPING +0 club.
   597 | D:1      | 597 ||| UPGRADING to +0 chain mail.
   607 | D:1      | 607 ||| DROPPING +0 scale mail.
   608 | D:1      | 608 ||| READING 3 scrolls labelled FOELUI EDINKU.
   613 | D:1      | 613 ||| READING scroll labelled PEKHLI NONT.
   614 | D:1      | 614 ||| READING scroll labelled MEQUNUM JOIST.
   615 | D:1      | 615 ||| READING scroll labelled GOAVOVEIMN.
   616 | D:1      | 616 ||| DRINKING 2 purple potions.
   617 | D:1      | 617 ||| DROPPING potion of flight.
   658 | D:2      | Reached skill level 3 in Axes
   689 | D:2      | Reached XP level 3. HP: 23/23 MP: 3/3
  1042 | D:2      | Reached skill level 1 in Throwing
  1284 | D:2      | 1284 ||| UPGRADING to +0 pair of boots.
  1289 | D:2      | 1289 ||| READING scroll labelled CIYTTO ALUXY.
  1290 | D:2      | 1290 ||| READING scroll labelled UFEAXZOZOA.
  1291 | D:2      | 1291 ||| READING scroll labelled XESOME VUCKIMN.
  1292 | D:2      | 1292 ||| READING scroll labelled CEHIOQ RUDIADAKHLY.
  1293 | D:2      | 1293 ||| DRINKING 4 fuming brown potions.
  1294 | D:2      | 1294 ||| READING 2 scrolls of identify.
  1294 | D:2      | 1294 ||| IDENTIFYING puce potion
  1295 | D:2      | 1295 ||| DROPPING potion of berserk rage.
  1296 | D:2      | 1296 ||| READING 2 scrolls of teleportation.
  1325 | D:2      | Reached XP level 4. HP: 28/28 MP: 4/4
  1489 | D:2      | 1489 ||| DRINKING 2 coppery potions.
  1552 | D:3      | 1552 ||| STAIRDANCE
  1572 | D:3      | 1572 ||| Stepping ~*~*~tactically~*~*~ (stealth).
  1630 | D:3      | 1630 ||| Stepping ~*~*~tactically~*~*~ (stealth).
  1635 | D:3      | 1635 ||| Stepping ~*~*~tactically~*~*~ (stealth).
  1656 | D:3      | 1656 ||| Stepping ~*~*~tactically~*~*~ (stealth).
  1658 | D:3      | 1658 ||| Stepping ~*~*~tactically~*~*~ (stealth).
  1664 | D:3      | 1664 ||| Stepping ~*~*~tactically~*~*~ (stealth).
  1669 | D:3      | 1669 ||| Stepping ~*~*~tactically~*~*~ (stealth).
  1675 | D:3      | 1675 ||| Stepping ~*~*~tactically~*~*~ (stealth).
  1679 | D:3      | 1679 ||| Stepping ~*~*~tactically~*~*~ (stealth).
  1683 | D:3      | 1683 ||| Stepping ~*~*~tactically~*~*~ (stealth).
  1686 | D:3      | 1686 ||| Stepping ~*~*~tactically~*~*~ (stealth).
  1700 | D:3      | 1700 ||| FLEEEEING.
  1701 | D:3      | 1701 ||| FLEEEEING.
  1702 | D:3      | 1702 ||| FLEEEEING.
  1720 | D:3      | 1720 ||| DROPPING +2 whip of electrocution.
  1860 | D:3      | 1860 ||| Stepping ~*~*~tactically~*~*~ (stealth).
  1862 | D:3      | 1862 ||| Stepping ~*~*~tactically~*~*~ (hiding).
  1869 | D:3      | Reached skill level 4 in Axes
  1871 | D:3      | HP: 6/28 [orc priest/+0 dagger (3)]
  1872 | D:3      | 1872 ||| READING scroll of teleportation.
  1873 | D:3      | 1873 ||| DRINKING potion of heal wounds.
  1876 | D:3      | Reached XP level 5. HP: 27/32 MP: 5/5
  1966 | D:3      | 1966 ||| Stepping ~*~*~tactically~*~*~ (stealth).
  1967 | D:3      | 1967 ||| Stepping ~*~*~tactically~*~*~ (stealth).
  2054 | D:3      | Found a burning altar of Makhleb.
  2106 | D:3      | Noticed a steam dragon
  2107 | D:3      | 2107 ||| Stepping ~*~*~tactically~*~*~ (hiding).
  2115 | D:3      | Killed from afar by a steam dragon

Levels and vault maps discovered:
D:1:      sevenhm_arrival_forest_fort_small_6, layout_basic,
          basic_ecumenical_altar
D:2:      layout_basic, serial_co_window_serial, co_window_corner_a,
          co_window_paths_b, co_window_paths_a, co_window_paths_b,
          co_window_corner_a, co_window_cross_4, co_window_of_opportunity_b,
          co_window_of_opportunity_c, co_window_sun, glass_columns_a,
          glass_columns_b, glass_columns_b, glass_columns_a
D:3:      minmay_door_path, layout_rooms, lemuel_round_altar

Skill      XL: |  1  2  3  4 |
---------------+-------------+-----
Axes           | 2 3 4 |  4.4
Throwing       | 1 |  1.3
Fighting       | |  3.2
Armour         | |  3.2
Shields        | |  3.2

Action                   |  1- 3 |  4- 6 || total
-------------------------+-------+-------++-------
Melee: War axe           |   113 |    58 ||   171
Throw: Javelin           |    12 |    14 ||    26
       Boomerang         |       |     3 ||     3
  Use: Scroll            |    10 |     1 ||    11
       Potion            |     2 |     2 ||     4
Armor: Scale mail        |    34 |       ||    34
       Chain mail        |    51 |    38 ||    89
Dodge: Dodged            |    28 |    20 ||    48
Block: Buckler           |    20 |    10 ||    30

Table legend:
 A = Non-vault XP
 B = Vault XP
 C = Vault XP percentage of total XP
 D = Non-vault monster count
 E = Vault monster count
 F = Vault count percentage of total count
                 A         B        C        D         E       F
            +---------+---------+-------+---------+---------+-------
      Total |     187 |       3 |   1.6 |      61 |       2 |   3.2
            +---------+---------+-------+---------+---------+-------
        D:1 |      29 |       0 |   0.0 |      19 |       0 |   0.0
        D:2 |      54 |       0 |   0.0 |      18 |       0 |   0.0
        D:3 |     104 |       3 |   2.8 |      24 |       2 |   7.7
            +---------+---------+-------+---------+---------+-------
